[ AOE2 MATCH · #506362135 ]
UnrankedByzantines vs Japanese
Player's team · WIN
Rival team · LOSS
[ REPLAY ANALYSIS · EXTRACTED FROM THE RECORDED GAME ]
Feudal
11:05
Castle
20:00
Imperial
34:18
| APM avg | 44.0 |
| APM peak | 121 |
| eAPM avg | 29.4 |
| Villagers / military | 194 / 114 |
Focus
⚔️ 36.0% · 🌾 64.0%
Scout Cavalry ×60 · Hand Cannoneer ×26 · Mangonel ×10 · Bombard Cannon ×10 · Monk ×4 · Cataphract ×2
Feudal
8:51
Castle
22:31
Imperial
31:07
| APM avg | 35.1 |
| APM peak | 67 |
| eAPM avg | 22.3 |
| Villagers / military | 152 / 22 |
Focus
⚔️ 25.8% · 🌾 74.2%
Trebuchet (Packed) ×9 · Militia ×4 · Archer ×3 · Samurai ×3 · Mangonel ×2 · Cavalry Archer ×1
Match map
Initial resources + every placement click. Lines = walls · curves = elevation contours. ◆ gold · ⬟ stone · ● berries · ✦ relic · ◌ wall gap
Your base· ✓ Closed at 20:00 · 49t walls · 3 gate(s)
cff's base· ✓ Closed at 22:31 · 0t walls · 3 gate(s)
Smoothed initial terrain · ◌ = detected wall gap · hover for details
Inputs per minute
— GdR | ChiattoneDevastante - - cff
Build order — GdR | ChiattoneDevastante
First 150 of 506 actions detected
| 0:01 | Queue | Villager (Male) |
| 0:02 | Queue | Villager (Male) |
| 0:02 | Queue | Villager (Male) |
| 0:02 | Queue | Villager (Male) |
| 0:05 | Build | House |
| 0:06 | Build | House |
| 0:31 | Build | Palisade Wall |
| 0:32 | Build | Palisade Wall |
| 0:32 | Build | Palisade Wall |
| 0:33 | Build | Palisade Wall |
| 0:33 | Build | Palisade Wall |
| 0:42 | Build | Palisade Wall |
| 0:43 | Build | Palisade Wall |
| 0:44 | Build | Palisade Wall |
| 0:44 | Build | Palisade Wall |
| 0:45 | Build | Palisade Wall |
| 0:46 | Build | Palisade Wall |
| 0:47 | Build | Palisade Wall |
| 0:48 | Build | Palisade Wall |
| 0:55 | Build | Palisade Wall |
| 0:56 | Build | Palisade Wall |
| 0:56 | Build | Palisade Wall |
| 0:59 | Build | Palisade Wall |
| 1:00 | Build | Palisade Wall |
| 1:00 | Build | Palisade Wall |
| 1:01 | Build | Palisade Wall |
| 1:01 | Build | Palisade Wall |
| 1:02 | Build | Palisade Wall |
| 1:15 | Build | Palisade Wall |
| 1:16 | Build | Palisade Wall |
| 1:18 | Build | Palisade Wall |
| 1:39 | Queue | Villager (Male) |
| 1:57 | Queue | Villager (Male) |
| 2:28 | Queue | Villager (Male) |
| 2:41 | Build | Lumber Camp |
| 3:02 | Queue | Villager (Male) |
| 3:02 | Queue | Villager (Male) |
| 3:17 | Queue | Villager (Male) |
| 3:17 | Queue | Villager (Male) |
| 3:52 | Queue | Villager (Male) |
| 3:52 | Queue | Villager (Male) |
| 3:55 | Build | House |
| 3:56 | Build | House |
| 3:56 | Build | House |
| 4:20 | Queue | Villager (Male) |
| 4:20 | Queue | Villager (Male) |
| 4:38 | Queue | Villager (Male) |
| 4:38 | Queue | Villager (Male) |
| 4:41 | Build | House |
| 5:00 | Queue | Villager (Male) |
| 5:14 | Build | Mill |
| 5:21 | Queue | Villager (Male) |
| 5:39 | Queue | Villager (Male) |
| 6:06 | Build | Farm |
| 6:22 | Queue | Villager (Male) |
| 6:27 | Build | Farm |
| 6:41 | Queue | Villager (Male) |
| 7:11 | Queue | Villager (Male) |
| 7:14 | Build | Lumber Camp |
| 7:15 | Queue | Villager (Male) |
| 7:49 | Queue | Villager (Male) |
| 8:00 | Queue | Villager (Male) |
| 8:32 | Build | Mining Camp |
| 8:44 | Research | Feudal Age |
| 9:21 | Build | Barracks |
| 10:07 | Build | Palisade Wall |
| 10:09 | Build | Palisade Wall |
| 10:13 | Build | Palisade Wall |
| 10:28 | Build | Mining Camp |
| 10:30 | Queue | Villager (Male) |
| 11:03 | Queue | Villager (Male) |
| 11:05 | Age | Feudal Age |
| 11:09 | Build | Watch Tower |
| 11:20 | Queue | Villager (Male) |
| 11:37 | Build | Blacksmith |
| 11:38 | Queue | Villager (Male) |
| 12:01 | Queue | Villager (Male) |
| 12:14 | Build | Watch Tower |
| 12:21 | Research | Fletching |
| 12:22 | Queue | Villager (Male) |
| 12:45 | Queue | Villager (Male) |
| 12:55 | Queue | Villager (Male) |
| 13:04 | Research | Loom |
| 13:14 | Queue | Villager (Male) |
| 13:27 | Queue | Villager (Male) |
| 13:32 | Queue | Villager (Male) |
| 13:46 | Build | House |
| 14:03 | Queue | Villager (Male) |
| 14:35 | Queue | Villager (Male) |
| 14:41 | Build | House |
| 15:08 | Queue | Villager (Male) |
| 15:26 | Build | House |
| 15:28 | Queue | Villager (Male) |
| 15:48 | Build | Farm |
| 15:49 | Build | Farm |
| 15:49 | Build | Farm |
| 15:49 | Build | Farm |
| 15:49 | Build | Farm |
| 15:49 | Build | Farm |
| 16:25 | Build | Market |
| 16:39 | Build | Watch Tower |
| 16:40 | Queue | Villager (Male) |
| 16:47 | Build | House |
| 16:51 | Queue | Villager (Male) |
| 17:02 | Build | Farm |
| 17:20 | Research | Castle Age |
| 17:20 | Research | Castle Age |
| 17:54 | Research | Double-Bit Axe |
| 17:54 | Research | Double-Bit Axe |
| 18:11 | Build | Stone Wall |
| 18:54 | Queue | Villager (Male) |
| 20:00 | Age | Castle Age |
| 20:01 | Build | Siege Workshop |
| 20:03 | Build | Stable |
| 20:05 | Build | Monastery |
| 20:18 | Queue | Villager (Male) |
| 20:20 | Research | Bow Saw |
| 20:22 | Research | Horse Collar |
| 21:05 | Queue | Mangonel |
| 21:05 | Queue | Mangonel |
| 21:29 | Queue | Villager (Male) |
| 21:29 | Queue | Villager (Male) |
| 21:29 | Queue | Villager (Male) |
| 21:40 | Build | Farm |
| 21:48 | Queue | Monk |
| 21:50 | Queue | Scout Cavalry |
| 21:55 | Queue | Mangonel |
| 21:56 | Queue | Mangonel |
| 22:20 | Queue | Mangonel |
| 22:27 | Queue | Monk |
| 22:41 | Queue | Villager (Male) |
| 22:55 | Build | Farm |
| 22:56 | Build | Farm |
| 23:10 | Queue | Villager (Male) |
| 23:10 | Queue | Villager (Male) |
| 23:11 | Queue | Villager (Male) |
| 23:32 | Queue | Villager (Male) |
| 23:45 | Queue | Villager (Male) |
| 23:52 | Build | Farm |
| 23:53 | Build | Farm |
| 23:54 | Queue | Villager (Male) |
| 24:05 | Queue | Monk |
| 24:16 | Queue | Villager (Male) |
| 24:27 | Build | Stone Wall |
| 24:29 | Build | House |
| 24:29 | Build | House |
| 24:56 | Build | Town Center |
| 24:59 | Build | Town Center |
| 25:00 | Queue | Villager (Male) |
| 25:09 | Queue | Villager (Male) |
Build order — cff
First 150 of 303 actions detected
| 0:00 | Queue | Villager (Male) |
| 0:01 | Queue | Villager (Male) |
| 0:01 | Queue | Villager (Male) |
| 0:01 | Queue | Villager (Male) |
| 0:02 | Build | House |
| 0:04 | Build | House |
| 1:25 | Queue | Villager (Male) |
| 1:43 | Build | Lumber Camp |
| 2:00 | Queue | Villager (Male) |
| 2:16 | Queue | Villager (Male) |
| 2:17 | Queue | Villager (Male) |
| 2:47 | Queue | Villager (Male) |
| 2:47 | Queue | Villager (Male) |
| 3:04 | Queue | Villager (Male) |
| 3:04 | Queue | Villager (Male) |
| 3:38 | Queue | Villager (Male) |
| 3:39 | Queue | Villager (Male) |
| 3:39 | Queue | Villager (Male) |
| 3:54 | Build | House |
| 3:54 | Build | House |
| 4:33 | Queue | Villager (Male) |
| 4:34 | Queue | Villager (Male) |
| 4:36 | Queue | Villager (Male) |
| 4:36 | Queue | Villager (Male) |
| 5:21 | Build | Barracks |
| 5:57 | Research | Loom |
| 5:57 | Research | Loom |
| 6:30 | Build | Mill |
| 6:35 | Research | Feudal Age |
| 6:35 | Research | Feudal Age |
| 7:14 | Queue | Militia |
| 7:14 | Queue | Militia |
| 7:14 | Queue | Militia |
| 7:25 | Build | Mill |
| 7:53 | Queue | Militia |
| 8:37 | Queue | Villager (Male) |
| 8:39 | Build | House |
| 8:51 | Age | Feudal Age |
| 8:58 | Research | Man-at-Arms (upgrade) |
| 9:10 | Queue | Villager (Male) |
| 9:26 | Build | Mining Camp |
| 9:38 | Queue | Villager (Male) |
| 9:43 | Queue | Villager (Male) |
| 9:55 | Build | Watch Tower |
| 10:18 | Build | Farm |
| 10:20 | Build | Farm |
| 10:22 | Queue | Villager (Male) |
| 10:47 | Queue | Villager (Male) ×2 |
| 10:48 | Queue | Villager (Male) ×2 |
| 10:52 | Build | House |
| 11:02 | Queue | Villager (Male) |
| 11:02 | Queue | Villager (Male) |
| 11:03 | Build | Farm |
| 11:10 | Build | Farm |
| 11:28 | Build | Farm |
| 11:28 | Queue | Villager (Male) |
| 11:29 | Queue | Villager (Male) |
| 11:34 | Build | House |
| 11:54 | Research | Arson |
| 11:55 | Research | Arson |
| 12:18 | Build | Watch Tower |
| 12:25 | Queue | Villager (Male) |
| 12:27 | Queue | Villager (Male) |
| 13:13 | Queue | Villager (Male) |
| 13:17 | Build | Blacksmith |
| 13:35 | Queue | Villager (Male) |
| 14:06 | Queue | Villager (Male) |
| 14:09 | Build | Mining Camp |
| 14:28 | Queue | Villager (Male) |
| 15:16 | Queue | Villager (Male) |
| 15:17 | Queue | Villager (Male) |
| 15:17 | Queue | Villager (Male) |
| 15:23 | Research | Fletching |
| 15:23 | Research | Fletching |
| 15:24 | Queue | Villager (Male) |
| 15:27 | Build | House |
| 15:38 | Queue | Villager (Male) |
| 15:56 | Build | House |
| 16:02 | Build | House |
| 16:12 | Queue | Villager (Male) |
| 16:38 | Queue | Villager (Male) |
| 16:44 | Queue | Villager (Male) |
| 16:48 | Build | House |
| 16:53 | Build | Farm |
| 16:53 | Build | Farm |
| 17:20 | Build | Watch Tower |
| 17:40 | Queue | Villager (Male) |
| 17:43 | Build | Farm |
| 17:43 | Build | Farm |
| 17:47 | Build | Farm |
| 17:47 | Build | Farm |
| 17:49 | Queue | Villager (Male) |
| 17:50 | Research | Double-Bit Axe |
| 17:50 | Research | Double-Bit Axe |
| 17:54 | Build | Market |
| 17:58 | Build | Blacksmith |
| 18:11 | Queue | Villager (Male) |
| 18:42 | Build | House |
| 18:45 | Queue | Villager (Male) |
| 19:46 | Research | Castle Age |
| 19:47 | Research | Castle Age |
| 20:32 | Build | House |
| 20:56 | Build | Farm |
| 20:56 | Build | Farm |
| 20:57 | Build | Farm |
| 21:20 | Research | Gold Mining |
| 21:20 | Research | Gold Mining |
| 21:28 | Queue | Villager (Male) |
| 21:44 | Build | House |
| 21:50 | Build | Archery Range |
| 22:00 | Build | House |
| 22:15 | Queue | Villager (Male) |
| 22:31 | Age | Castle Age |
| 22:42 | Research | Bodkin Arrow |
| 22:42 | Research | Bodkin Arrow |
| 22:45 | Queue | Villager (Male) |
| 22:47 | Build | University |
| 22:48 | Queue | Archer |
| 23:25 | Queue | Villager (Male) |
| 23:27 | Research | Bow Saw |
| 23:27 | Research | Bow Saw |
| 23:38 | Queue | Archer |
| 23:53 | Queue | Villager (Male) |
| 24:30 | Research | Guard Tower (upgrade) |
| 24:30 | Research | Guard Tower (upgrade) |
| 24:32 | Queue | Villager (Male) |
| 24:48 | Build | House |
| 24:52 | Queue | Archer |
| 24:53 | Research | Padded Archer Armor |
| 24:53 | Research | Padded Archer Armor |
| 24:56 | Queue | Cavalry Archer |
| 24:59 | Queue | Villager (Male) |
| 25:02 | Build | Lumber Camp |
| 25:29 | Build | Siege Workshop |
| 25:30 | Queue | Villager (Male) |
| 25:30 | Queue | Villager (Male) |
| 25:33 | Build | Farm |
| 25:34 | Build | Farm |
| 25:52 | Build | House |
| 25:58 | Queue | Mangonel |
| 25:59 | Queue | Villager (Male) |
| 26:00 | Queue | Villager (Male) |
| 26:05 | Build | Mining Camp |
| 26:09 | Build | Lumber Camp |
| 26:22 | Build | House |
| 26:35 | Queue | Villager (Male) |
| 26:57 | Build | House |
| 27:31 | Build | Castle |
| 27:33 | Queue | Mangonel |
| 27:57 | Research | Imperial Age |
Match timeline
| 0:31 | GdR | ChiattoneDevastante · wall_segment Palisade Wall x1 |
| 0:32 | GdR | ChiattoneDevastante · wall_segment Palisade Wall x1 |
| 0:32 | GdR | ChiattoneDevastante · wall_segment Palisade Wall x1 |
| 0:33 | GdR | ChiattoneDevastante · wall_segment Palisade Wall x1 |
| 0:33 | GdR | ChiattoneDevastante · wall_segment Palisade Wall x1 |
| 0:42 | GdR | ChiattoneDevastante · wall_segment Palisade Wall x1 |
| 0:43 | GdR | ChiattoneDevastante · wall_segment Palisade Wall x1 |
| 0:44 | GdR | ChiattoneDevastante · wall_segment Palisade Wall x1 |
| 0:44 | GdR | ChiattoneDevastante · wall_segment Palisade Wall x1 |
| 0:45 | GdR | ChiattoneDevastante · wall_segment Palisade Wall x1 |
| 0:46 | GdR | ChiattoneDevastante · wall_segment Palisade Wall x1 |
| 0:47 | GdR | ChiattoneDevastante · wall_segment Palisade Wall x1 |
| 0:48 | GdR | ChiattoneDevastante · wall_segment Palisade Wall x1 |
| 0:55 | GdR | ChiattoneDevastante · wall_segment Palisade Wall x1 |
| 0:56 | GdR | ChiattoneDevastante · wall_segment Palisade Wall x1 |
| 0:56 | GdR | ChiattoneDevastante · wall_segment Palisade Wall x1 |
| 0:59 | GdR | ChiattoneDevastante · wall_segment Palisade Wall x1 |
| 1:00 | GdR | ChiattoneDevastante · wall_segment Palisade Wall x1 |
| 1:00 | GdR | ChiattoneDevastante · wall_segment Palisade Wall x1 |
| 1:01 | GdR | ChiattoneDevastante · wall_segment Palisade Wall x1 |
| 1:01 | GdR | ChiattoneDevastante · wall_segment Palisade Wall x1 |
| 1:02 | GdR | ChiattoneDevastante · wall_segment Palisade Wall x1 |
| 1:15 | GdR | ChiattoneDevastante · wall_segment Palisade Wall x1 |
| 1:16 | GdR | ChiattoneDevastante · wall_segment Palisade Wall x1 |
| 1:18 | GdR | ChiattoneDevastante · wall_segment Palisade Wall x1 |
| 5:21 | cff · first_building Barracks |
| 8:51 | cff · age_up feudal |
| 9:21 | GdR | ChiattoneDevastante · first_building Barracks |
| 10:07 | GdR | ChiattoneDevastante · wall_segment Palisade Wall x5 |
| 10:09 | GdR | ChiattoneDevastante · wall_segment Palisade Wall x8 |
| 10:13 | GdR | ChiattoneDevastante · wall_segment Palisade Wall x11 |
| 11:05 | GdR | ChiattoneDevastante · age_up feudal |
| 17:17 | GdR | ChiattoneDevastante · first_market_buy 100 food |
| 18:11 | GdR | ChiattoneDevastante · wall_segment Stone Wall x5 |
| 19:37 | cff · first_market_buy 100 food |
| 20:00 | GdR | ChiattoneDevastante · age_up castle |
| 20:01 | GdR | ChiattoneDevastante · first_building Siege Workshop |
| 20:03 | GdR | ChiattoneDevastante · first_building Stable |
| 20:05 | GdR | ChiattoneDevastante · first_building Monastery |
| 21:50 | cff · first_building Archery Range |
| 22:31 | cff · age_up castle |
| 24:27 | GdR | ChiattoneDevastante · wall_segment Stone Wall x1 |
| 25:29 | cff · first_building Siege Workshop |
| 27:20 | GdR | ChiattoneDevastante · first_building Castle |
| 27:31 | cff · first_building Castle |
| 27:47 | cff · first_market_sell 500 wood |
| 30:40 | GdR | ChiattoneDevastante · wall_segment Palisade Wall x4 |
| 30:43 | GdR | ChiattoneDevastante · wall_segment Stone Wall x5 |
| 30:45 | GdR | ChiattoneDevastante · wall_segment Stone Wall x4 |
| 31:05 | GdR | ChiattoneDevastante · first_market_sell 100 wood |
| 31:07 | cff · age_up imperial |
| 34:18 | GdR | ChiattoneDevastante · age_up imperial |
| 35:37 | GdR | ChiattoneDevastante · wall_segment Stone Wall x5 |
| 36:41 | GdR | ChiattoneDevastante · first_building Archery Range |
| 42:29 | GdR | ChiattoneDevastante · wall_segment Stone Wall x7 |
| 43:35 | GdR | ChiattoneDevastante · wall_segment Stone Wall x1 |
| 43:42 | GdR | ChiattoneDevastante · wall_segment Stone Wall x1 |
| 46:34 | cff · resign |
[ AI ANALYSIS · 1 CREDIT ]
What really happened in this match?
Wolo.gg analyzes every decision: build order, eco, micro, common mistakes by bracket. Personalized analysis on WhatsApp or Discord in 30 seconds.
Civ guide
Byzantines
Perfil
Jugador #6950